 Dungeon Sprint DCSS version bcrawl-1.19.2-6-g6a88ae04c9 (webtiles) character file.

Game seed: 16257519094806696050

13847 Freyura the Bludgeoner (level 12, -1/84 HPs)
             Began as a Gargoyle Fighter on Jan 6, 2020.
             Was the Champion of the Shining One.
             Killed by divine providence
             ... invoked by an orc high priest
              (13 damage)
             ... in the Dungeon (Sprint IX: "|||||||||||||||||||||||||||||").
             The game lasted 00:08:32 (1815 turns).

Freyura the Bludgeoner (Gargoyle Fighter)           Turns: 1815, Time: 00:08:33

Health: -1/84      AC: 31    Str: 20    XL:     12   Next: 10%
Magic:  17/18      EV: 15    Int: 10    God:    the Shining One [******]
Gold:   1279       SH: 22    Dex: 13    Spells: 11/11 levels left

rFire    . . .     SeeInvis .   o - +4 morningstar (crush)
rCold    . . .     Gourm    .   c - +0 shield
rNeg     + + +     Faith    .   n - +0 plate armour
rPois    ∞         Spirit   .   u - +0 helmet
rElec    +         Reflect  .   b - +2 cloak
rCorr    .         Harm     .   s - +0 pair of gloves
MR       .....     NoTele   +   (no boots)
Stlth    ..........             (no amulet)
HPRegen  0.24/turn              p - +2 ring of evasion
MPRegen  0.16/turn              q - +2 ring of evasion

@: divine shield, glowing
A: negative energy resistance 1, electricity resistance, unbreathing,
petrification resistance, rot immunity, AC +8
a: Divine Shield, Cleansing Flame, Summon Divine Warrior, Brand Weapon With Holy
Wrath, Renounce Religion


You were in the Dungeon.
You worshipped the Shining One.
The Shining One was exalted by your worship.
You were hungry.

You visited 1 branch You collected 1279 gold pieces.

Inventory:

Hand Weapons
 o - a +4 morningstar of crushing (weapon)
Armour
 b - a +2 cloak (worn)
 c - a +0 shield (worn)
 n - a +0 plate armour (worn)
 s - a +0 pair of gloves (worn)
 u - a +0 helmet (worn)
Jewellery
 p - a +2 ring of evasion (left hand)
 q - a +2 ring of evasion (right hand)
Wands
 m - a wand of acid (10)
Scrolls
 j - 3 scrolls of remove curse
 k - 2 scrolls of blinking
 l - 2 scrolls of amnesia
 t - a scroll of fear
 v - a scroll of identify
Potions
 a - a potion of flight
 d - a potion of brilliance
 e - 5 potions of curing
 g - 5 potions of heal wounds
 h - 3 potions of haste
 i - 4 potions of magic
 r - a potion of resistance
Comestibles
 f - 12 rations {!d}


   Skills:
 + Level 13.2 Fighting
 * Level 16.2 Maces & Flails
 + Level 13.3 Armour
 + Level 10.2 Dodging
 + Level 13.3 Shields
 + Level 8.6 Invocations


You had 11 spell levels left.
You didn't know any spells.
Your spell library was empty.

Dungeon Overview and Level Annotations

Branches:
Dungeon (1/1)

Altars:
Cheibriados
Dithmenos
Elyvilon
Fedhas
Gozag
Hepliaklqana
Kikubaaqudgha
Lugonu
Makhleb
Nemelex Xobeh
Okawaru
Qazlal
Ru
Sif Muna
Trog
Uskayaw
Vehumet
Wu Jian
Xom
Yredelemnul
Zin
The Shining One
Beogh
Jiyva

Shops:
D ((


Innate Abilities, Weirdness & Mutations

You are resistant to torment.
Your stone body is resilient. (AC +8)
You are immune to poison.
You resist negative energy. (rN+)
You are resistant to electric shocks. (rElec)
You can survive without breathing.
You are immune to petrification.
You are immune to rotting.


Message History

Beogh smites you!
The orc high priest mumbles some strange prayers to Beogh.
There is an open door to Orc:1, spattered with blood here.
The orc high priest shouts!
You hit the hellwing but do no damage. You block the hellwing's attack. x2
You impale the hellwing!!
The hellwing is severely wounded.
The orc priest mumbles some strange prayers to Beogh against you.
Beogh smites you!
* * * LOW HITPOINT WARNING * * *
The hellwing completely misses you. The hellwing barely misses you.
The orc high priest mumbles some strange prayers to Beogh against you.
Beogh smites you!
* * * LOW HITPOINT WARNING * * *
You impale the hellwing!!
You kill the hellwing!
You block the orc high priest's attack.
The orc high priest mumbles some strange prayers to Beogh against you.
Beogh smites you!
You die...

▓)▓)▓.▓.▓_▓
▓.▓.▓.▓.▓_▓
▓.▓.▓.▓.▓_▓
▓.▓.▓.▓.▓_▓
▓.▓.▓.▓.▓_▓
▓.▓.▓.▓.▓_▓
▓.▓.▓.▓.▓_▓
▓'▓.▓.▓.▓_▓
▓@▓.▓'▓.▓'▓
▓o▓.▓.▓.▓.▓
▓o▓.▓.▓.▓.▓
▓o▓.▓.▓.▓|▓
▓o▓.▓.▓.▓[▓
▓o▓.▓.▓.▓.▓
▓o▓.▓.▓.▓.▓
▓∩▓.▓.▓.▓.▓
▓.▓.▓.▓.▓


You could see 3 orc high priests and 3 orc priests.

Vanquished Creatures
  Gastronok (D)
  Josephine (D)
  A hydra (D)
  An orc high priest (D)
  Sonja (D)
  A lindwurm (D)
  2 orc knights (D)
  A gargoyle (D)
  A cane toad (D)
  A kobold demonologist (D)
  An efreet (D)
  A troll (D)
  A dream sheep (D)
  A blink frog (D)
  5 tyrant leeches (D)
  A hippogriff (D)
  A shadow (D)
  5 wraiths (D)
  2 yaks (D)
  A basilisk (D)
  A steam dragon (D)
  2 crocodiles (D)
  A porcupine (D)
  4 water moccasins (D)
  A sky beast (D)
  12 orc warriors (D)
  A wolf (D)
  A big kobold (D)
  3 bullfrogs (D)
  A scorpion (D)
  A jelly (D)
  3 orc priests (D)
  3 orc wizards (D)
  2 worker ants (D)
  An adder (D)
  3 worms (D)
  7 orcs (D)
  2 goblins (D)
  A hobgoblin (D)
  A bat (D)
  A giant cockroach zombie (D)
82 creatures vanquished.

Notes
Turn   | Place    | Note
-------+----------+-------------------------------------------
     0 | D        | Freyura the Gargoyle Fighter began the quest for the Orb.
     0 | D        | Reached XP level 1. HP: 14/14 MP: 1/1
    18 | D        | Reached XP level 2. HP: 18/20 MP: 2/2
    20 | D        | Reached skill level 3 in Maces & Flails
    20 | D        | Reached skill level 1 in Dodging
    31 | D        | Noticed a sky beast
    31 | D        | Noticed a scorpion
    38 | D        | Reached skill level 4 in Maces & Flails
    38 | D        | Reached XP level 3. HP: 24/24 MP: 3/3
    72 | D        | Killed a sky beast
    72 | D        | Reached skill level 5 in Fighting
    72 | D        | Reached skill level 6 in Maces & Flails
    72 | D        | Reached skill level 5 in Armour
    72 | D        | Reached skill level 5 in Shields
    72 | D        | Reached XP level 4. HP: 15/31 MP: 4/4
    72 | D        | Reached XP level 5. HP: 17/35 MP: 5/5
   306 | D        | Found a roughly hewn altar of Beogh.
   306 | D        | Found a snail-covered altar of Cheibriados.
   306 | D        | Found a shadowy altar of Dithmenos.
   306 | D        | Found a white marble altar of Elyvilon.
   306 | D        | Found a blossoming altar of Fedhas.
   306 | D        | Found an opulent altar of Gozag.
   307 | D        | Found a hazy altar of Hepliaklqana.
   308 | D        | Found a viscous altar of Jiyva.
   309 | D        | Found an ancient bone altar of Kikubaaqudgha.
   310 | D        | Found a corrupted altar of Lugonu.
   311 | D        | Found a burning altar of Makhleb.
   312 | D        | Found a sparkling altar of Nemelex Xobeh.
   313 | D        | Found an iron altar of Okawaru.
   314 | D        | Found a stormy altar of Qazlal.
   315 | D        | Found a sacrificial altar of Ru.
   316 | D        | Found a shimmering blue altar of Sif Muna.
   317 | D        | Found a bloodstained altar of Trog.
   318 | D        | Found a hide-covered altar of Uskayaw.
   319 | D        | Found a radiant altar of Vehumet.
   320 | D        | Found an ornate altar of the Wu Jian Council.
   321 | D        | Found a shimmering altar of Xom.
   322 | D        | Found a basalt altar of Yredelemnul.
   323 | D        | Found a glowing silver altar of Zin.
   324 | D        | Found a glowing golden altar of the Shining One.
   341 | D        | Found the +6 staff of Battle {slice, MP+12}
   372 | D        | Became a worshipper of the Shining One
   500 | D        | Noticed a troll
   500 | D        | Noticed a bullfrog
   500 | D        | Noticed a bullfrog
   500 | D        | Reached * piety under the Shining One
   500 | D        | Noticed a shadow
   500 | D        | Noticed a kobold demonologist
   503 | D        | Killed a troll
   503 | D        | Reached skill level 8 in Maces & Flails
   503 | D        | Reached XP level 6. HP: 40/44 MP: 6/6
   506 | D        | Reached XP level 7. HP: 44/48 MP: 7/7
   509 | D        | Noticed a sun demon
   509 | D        | Reached skill level 9 in Maces & Flails
   509 | D        | Reached skill level 5 in Dodging
   512 | D        | Killed a shadow
   512 | D        | Reached ** piety under the Shining One
   517 | D        | Killed a kobold demonologist
   517 | D        | Reached skill level 10 in Maces & Flails
   517 | D        | Reached XP level 8. HP: 53/55 MP: 8/8
   525 | D        | Reached *** piety under the Shining One
   525 | D        | Noticed an efreet
   525 | D        | Noticed a gargoyle
   533 | D        | Killed an efreet
   533 | D        | Reached **** piety under the Shining One
   539 | D        | Killed a gargoyle
   539 | D        | Reached skill level 11 in Maces & Flails
   742 | D        | Reached ***** piety under the Shining One
   744 | D        | Reached XP level 9. HP: 61/61 MP: 9/9
   750 | D        | Noticed a six-headed hydra
   756 | D        | Reached skill level 12 in Maces & Flails
   756 | D        | Reached skill level 10 in Shields
   765 | D        | Killed a six-headed hydra
   765 | D        | Reached skill level 10 in Fighting
   765 | D        | Reached skill level 10 in Armour
   892 | D        | Noticed a cane toad
   894 | D        | Reached skill level 13 in Maces & Flails
   894 | D        | Reached XP level 10. HP: 67/68 MP: 10/10
   901 | D        | Reached skill level 1 in Invocations
   920 | D        | Killed a cane toad
   967 | D        | Reached ****** piety under the Shining One
   967 | D        | Noticed a lindwurm
   978 | D        | Killed a lindwurm
   987 | D        | Reached skill level 14 in Maces & Flails
  1288 | D        | Noticed Josephine
  1302 | D        | Killed Josephine
  1302 | D        | Reached skill level 5 in Invocations
  1302 | D        | Reached XP level 11. HP: 76/76 MP: 13/15
  1327 | D        | Noticed Sonja
  1329 | D        | Noticed Gastronok
  1334 | D        | Killed Sonja
  1345 | D        | Killed Gastronok
  1345 | D        | Reached skill level 15 in Maces & Flails
  1514 | D        | Noticed an orc high priest
  1518 | D        | Noticed a sun demon
  1528 | D        | Killed an orc high priest
  1661 | D        | Noticed an orc knight
  1665 | D        | Reached skill level 10 in Dodging
  1669 | D        | Noticed an orc knight
  1671 | D        | Killed an orc knight
  1671 | D        | Reached skill level 16 in Maces & Flails
  1680 | D        | Reached XP level 12. HP: 81/84 MP: 18/18
  1804 | D        | Found Giruih's Weapon Emporium.
  1804 | D        | Noticed an orc high priest
  1804 | D        | Noticed an orc high priest
  1811 | D        | Noticed an orc high priest
  1815 | D        | Found Iggexad's Weapon Shoppe.
  1815 | D        | Killed from afar by an orc high priest

Skill      XL: |  1  2  3  4  5  6  7  8  9 10 11 |
---------------+----------------------------------+-----
Maces & Flails | 4 6 8 10 11 13 14 16 | 16.2
Dodging        | 1 3 4 5 6 7 9 10 | 10.2
Fighting       | 4 5 7 8 9 10 11 13 | 13.2
Armour         | 4 5 7 8 9 10 11 13 | 13.3
Shields        | 4 5 7 8 9 10 11 13 | 13.3
Invocations    | 5 8 |  8.6

Action                   |  1- 3 |  4- 6 |  7- 9 | 10-12 || total
-------------------------+-------+-------+-------+-------++-------
Melee: Flail             |    49 |     4 |       |       ||    53
       Morningstar       |       |     6 |    64 |   184 ||   254
Invok: Divine Shield     |       |       |       |     1 ||     1
  Use: Potion            |     3 |       |       |     1 ||     4
       Scroll            |       |       |     4 |     1 ||     5
  Eat: Chunk             |       |       |       |     3 ||     3
Armor: Scale mail        |    30 |     1 |       |       ||    31
       Plate armour      |       |     2 |    27 |    32 ||    61
Dodge: Dodged            |     6 |     4 |    20 |    52 ||    82
Block: Shield            |    16 |     3 |    26 |    58 ||   103
